SNL (28 & UNDER)
BLACKIRON DRAGONS @ WEST VIRGINIA POWER
08/06/2029
 
TOP OF THE 1ST
BlackIron Dragons batting - Pitching for West Virginia Power : RHP Luis García
Pitching: RHP Luis García
Batting: LHB Miguel García 0-0: Ball
1-0: Called Strike
1-1: Ball
2-1: Fly out, F8 (Flyball, 78D)
Batting: RHB Joaquín Valenzuela 0-0: Ball
1-0: Ball
2-0: Ball
3-0: Base on Balls
Batting: SHB Félix Montoya 0-0: Grounds into double play, 4-6-3 (Groundball, 4)
Top of the 1st over - 0 runs, 0 hits, 0 errors, 0 left on base; BlackIron 0 - West Virginia 0
BOTTOM OF THE 1ST
West Virginia Power batting - Pitching for BlackIron Dragons : RHP Juan Carlos Guerrero
Pitching: RHP Juan Carlos Guerrero
Batting: RHB Matt Tucker 0-0: Ball
1-0: Ball
2-0: Ball
3-0: Base on Balls
Batting: RHB Julián Garza 0-0: Ball
1-0: Ball
2-0: Foul Ball, location: 2F
2-1: Ball
3-1: Called Strike
3-2: Fly out, F9 (Line Drive, 9)
Batting: RHB Luis Quezada 0-0: Swinging Strike
0-1: Called Strike
0-2: Hit by Pitch
Matt Tucker to second
Batting: RHB Joe Salas 0-0: Swinging Strike
0-1: Foul Ball, location: 2F
0-2: Ball
1-2: Ball
2-2: Foul Ball, location: 2F
2-2: Fly out, F9 (Flyball, 9S)
Batting: LHB Jorge Luna 0-0: Ball
1-0: Ball
2-0: Called Strike
2-1: Ball
3-1: SINGLE (Groundball, 4MD)
Matt Tucker to third
Luis Quezada to second
Runner from 3rd tries for Home, SAFE, no throw
Batting: RHB Millard Walker 0-0: Called Strike
0-1: Fly out, F7 (Line Drive, 7D)
Bottom of the 1st over - 1 run, 1 hit, 0 errors, 2 left on base; BlackIron 0 - West Virginia 1
TOP OF THE 2ND
BlackIron Dragons batting - Pitching for West Virginia Power : RHP Luis García
Batting: LHB José Martínez 0-0: Ball
1-0: Ball
2-0: Ball
3-0: Called Strike
3-1: Swinging Strike
3-2: Base on Balls
Batting: RHB Brady McIntyre 0-0: 2-RUN HOME RUN (Flyball, 9D), Distance : 350 ft
Batting: LHB Milo Glenn 0-0: Called Strike
0-1: Called Strike
0-2: Ball
1-2: Ball
2-2: Foul Ball, location: 2F
2-2: SINGLE (Line Drive, 3L)
Batting: RHB Jesús Castillo 0-0: Ball
1-0: SINGLE (Groundball, 56) (infield hit)
Milo Glenn to second
Batting: RHB Randall Walker 0-0: Ball
1-0: Ball
2-0: Foul Ball, location: 2F
2-1: Ball
3-1: Swinging Strike
3-2: Base on Balls
Milo Glenn to third
Jesús Castillo to second
Batting: RHB Luis Méndez 0-0: Foul Ball, location: 2F
0-1: GRAND SLAM HOME RUN (Flyball, 7LD), Distance : 321 ft
Batting: LHB Miguel García 0-0: Ball
1-0: Called Strike
1-1: Ball
2-1: Swinging Strike
2-2: Strikes out swinging
Batting: RHB Joaquín Valenzuela 0-0: Called Strike
0-1: Called Strike
0-2: Foul Ball, location: 2F
0-2: Ball
1-2: Strikes out looking
Batting: SHB Félix Montoya 0-0: Called Strike
0-1: Ball
1-1: Swinging Strike
1-2: Ball
2-2: Strikes out swinging
Top of the 2nd over - 6 runs, 4 hits, 0 errors, 0 left on base; BlackIron 6 - West Virginia 1
BOTTOM OF THE 2ND
West Virginia Power batting - Pitching for BlackIron Dragons : RHP Juan Carlos Guerrero
Batting: RHB Cory Hester 0-0: Called Strike
0-1: Foul Ball, location: 2F
0-2: Foul Ball, location: 2F
0-2: Ball
1-2: Strikes out swinging
Batting: RHB Daniel Martínez 0-0: Ball
1-0: Ground out 5-3 (Groundball, 56S)
Batting: RHB Vaughan Shelton 0-0: Ground out 4-3 (Groundball, 4)
Bottom of the 2nd over - 0 runs, 0 hits, 0 errors, 0 left on base; BlackIron 6 - West Virginia 1
TOP OF THE 3RD
BlackIron Dragons batting - Pitching for West Virginia Power : RHP Luis García
Batting: LHB José Martínez 0-0: SINGLE (Groundball, 4MD)
Batting: RHB Brady McIntyre 0-0: Ground out U3 (Groundball, 34)
José Martínez to second
Batting: LHB Milo Glenn 0-0: Ball
1-0: Ball
2-0: Ball
3-0: Called Strike
3-1: Ground out 2-3 (Groundball, 2R)
José Martínez to third
Batting: RHB Jesús Castillo 0-0: Called Strike
0-1: Swinging Strike
0-2: Ball
1-2: Ball
2-2: Foul Ball, location: 2F
2-2: Ball
3-2: Fly out, F6 (Popup, P)
Top of the 3rd over - 0 runs, 1 hit, 0 errors, 1 left on base; BlackIron 6 - West Virginia 1
BOTTOM OF THE 3RD
West Virginia Power batting - Pitching for BlackIron Dragons : RHP Juan Carlos Guerrero
Batting: RHB Matt Tucker 0-0: Ball
1-0: Ball
2-0: Fly out, F7 (Line Drive, 7LM)
Batting: RHB Julián Garza 0-0: Called Strike
0-1: Ball
1-1: Foul Ball, location: 2F
1-2: Fly out, F8 (Flyball, 8RD)
Batting: RHB Luis Quezada 0-0: Ball
1-0: Called Strike
1-1: Called Strike
1-2: Strikes out swinging
Bottom of the 3rd over - 0 runs, 0 hits, 0 errors, 0 left on base; BlackIron 6 - West Virginia 1
TOP OF THE 4TH
BlackIron Dragons batting - Pitching for West Virginia Power : RHP Luis García
Batting: RHB Randall Walker 0-0: Ball
1-0: Called Strike
1-1: Ball
2-1: Ball
3-1: SINGLE (Groundball, 56D)
Batting: RHB Luis Méndez 0-0: Called Strike
0-1: Ball
1-1: SINGLE (Line Drive, 34D)
Randall Walker to second
Pitching: RHP Drake Johnston
Batting: LHB Miguel García 0-0: Ball
1-0: Ball
Randall Walker steals 3rd base
2-0: Fly out, F6 (Line Drive, 6M)
Batting: RHB Joaquín Valenzuela 0-0: Called Strike
0-1: Called Strike
0-2: Strikes out swinging
Batting: SHB Félix Montoya 0-0: Called Strike
0-1: Fly out, F7 (Flyball, 7LM)
Top of the 4th over - 0 runs, 2 hits, 0 errors, 2 left on base; BlackIron 6 - West Virginia 1
BOTTOM OF THE 4TH
West Virginia Power batting - Pitching for BlackIron Dragons : RHP Juan Carlos Guerrero
Batting: RHB Joe Salas 0-0: Ball
1-0: Foul Ball, location: 2F
1-1: Ground out 6-3 (Groundball, 6)
Batting: LHB Jorge Luna 0-0: Called Strike
0-1: Foul Ball, location: 2F
0-2: Ball
1-2: Ball
2-2: Fly out, F9 (Flyball, 89S)
Batting: RHB Millard Walker 0-0: SINGLE (Line Drive, 8LS)
Batting: RHB Cory Hester 0-0: Foul Ball, location: 2F
0-1: Ball
1-1: Swinging Strike
1-2: Ball
2-2: Ground out U3 (Groundball, 3)
Bottom of the 4th over - 0 runs, 1 hit, 0 errors, 1 left on base; BlackIron 6 - West Virginia 1
TOP OF THE 5TH
BlackIron Dragons batting - Pitching for West Virginia Power : RHP Drake Johnston
Batting: LHB José Martínez 0-0: DOUBLE (Flyball, 8RXD)
Batting: RHB Brady McIntyre 0-0: Called Strike
0-1: Foul Ball, location: 2F
0-2: SINGLE (Flyball, 8RS)
José Martínez to third
Batting: LHB Milo Glenn 0-0: Foul Ball, location: 2F
0-1: DOUBLE (Line Drive, 9D)
José Martínez scores
Brady McIntyre to third
Batting: RHB Jesús Castillo 0-0: Ball
1-0: Ball
2-0: Foul Ball, location: 2F
2-1: Called Strike
2-2: Strikes out swinging
Batting: RHB Randall Walker 0-0: Called Strike
0-1: Foul Ball, location: 2F
0-2: Ball
1-2: Foul Ball, location: 2F
1-2: Strikes out swinging
Batting: RHB Luis Méndez 0-0: Foul Ball, location: 2F
0-1: Ground out 6-3 (Groundball, 6)
Top of the 5th over - 1 run, 3 hits, 0 errors, 2 left on base; BlackIron 7 - West Virginia 1
BOTTOM OF THE 5TH
West Virginia Power batting - Pitching for BlackIron Dragons : RHP Juan Carlos Guerrero
Batting: RHB Daniel Martínez 0-0: Ball
1-0: Ball
2-0: Ball
3-0: Called Strike
3-1: Fly out, F8 (Flyball, 8RD)
Batting: RHB Vaughan Shelton 0-0: Called Strike
0-1: Ball
1-1: Called Strike
1-2: Strikes out looking
Batting: RHB Matt Tucker 0-0: Ball
1-0: Foul Ball, location: 2F
1-1: Ball
2-1: Foul Ball, location: 2F
2-2: Ground out U3 (Groundball, 3)
Bottom of the 5th over - 0 runs, 0 hits, 0 errors, 0 left on base; BlackIron 7 - West Virginia 1
TOP OF THE 6TH
BlackIron Dragons batting - Pitching for West Virginia Power : RHP Drake Johnston
Batting: LHB Miguel García 0-0: Ball
1-0: Fly out, F9 (Flyball, 89M)
Batting: RHB Joaquín Valenzuela 0-0: Ball
1-0: Foul Ball, location: 2F
1-1: Swinging Strike
1-2: Ball
2-2: Ball
3-2: Strikes out looking
Batting: SHB Félix Montoya 0-0: Called Strike
0-1: Swinging Strike
0-2: Strikes out looking
Top of the 6th over - 0 runs, 0 hits, 0 errors, 0 left on base; BlackIron 7 - West Virginia 1
BOTTOM OF THE 6TH
West Virginia Power batting - Pitching for BlackIron Dragons : RHP Juan Carlos Guerrero
Batting: RHB Julián Garza 0-0: Called Strike
0-1: Ball
1-1: Ball
2-1: Swinging Strike
2-2: Strikes out swinging
Batting: RHB Luis Quezada 0-0: Called Strike
0-1: Fly out, F5 (Line Drive, 5)
Batting: RHB Joe Salas 0-0: Ball
1-0: Ground out 1-3 (Groundball, 15)
Bottom of the 6th over - 0 runs, 0 hits, 0 errors, 0 left on base; BlackIron 7 - West Virginia 1
TOP OF THE 7TH
BlackIron Dragons batting - Pitching for West Virginia Power : RHP Drake Johnston
Batting: LHB José Martínez 0-0: Ball
1-0: Ball
2-0: Ball
3-0: Base on Balls
Batting: RHB Brady McIntyre 0-0: Called Strike
0-1: Ball
1-1: Fly out, F7 (Flyball, 7D)
Batting: LHB Milo Glenn 0-0: Called Strike
0-1: Called Strike
0-2: Ball
1-2: Foul Ball, location: 2F
1-2: Ball
2-2: Strikes out swinging
Batting: RHB Jesús Castillo 0-0: Ball
1-0: SINGLE (Flyball, 7LS)
José Martínez to second
Batting: RHB Randall Walker 0-0: Ball
1-0: SINGLE (Line Drive, 6MD)
José Martínez to third
Jesús Castillo to second
Runner from 3rd tries for Home, SAFE, no throw
Batting: RHB Luis Méndez 0-0: Called Strike
0-1: Swinging Strike
0-2: SINGLE (Groundball, 56D)
Jesús Castillo to third
Randall Walker to second
Runner from 3rd tries for Home, SAFE, no throw
Batting: LHB Miguel García 0-0: Ball
1-0: SINGLE (Groundball, 34D)
Randall Walker to third
Luis Méndez to second
Runner from 3rd tries for Home, SAFE, throw made home
Batting: RHB Joaquín Valenzuela 0-0: Ball
1-0: Called Strike
1-1: Foul Ball, location: 2F
1-2: SINGLE (Line Drive, 9)
Luis Méndez to third
Miguel García to second
Runner from 3rd tries for Home, throw and OUT!
Top of the 7th over - 3 runs, 5 hits, 0 errors, 2 left on base; BlackIron 10 - West Virginia 1
BOTTOM OF THE 7TH
West Virginia Power batting - Pitching for BlackIron Dragons : RHP Juan Carlos Guerrero
Batting: LHB Jorge Luna 0-0: Called Strike
0-1: Ball
1-1: Foul Ball, location: 2F
1-2: Fly out, F9 (Line Drive, 9D)
Batting: RHB Millard Walker 0-0: Foul Ball, location: 2F
0-1: Ground out 5-3 (Groundball, 56)
Batting: RHB Cory Hester 0-0: Ball
1-0: Swinging Strike
1-1: Fly out, F7 (Flyball, 7LS)
Bottom of the 7th over - 0 runs, 0 hits, 0 errors, 0 left on base; BlackIron 10 - West Virginia 1
TOP OF THE 8TH
BlackIron Dragons batting - Pitching for West Virginia Power : RHP Drake Johnston
Pitching: RHP Roberto Marino
Batting: SHB Félix Montoya 0-0: Called Strike
0-1: Ball
1-1: Ball
2-1: SINGLE (Line Drive, 89S)
Batting: LHB José Martínez 0-0: Called Strike
Félix Montoya steals 2nd base
0-1: Called Strike
0-2: Ball
1-2: Ball
2-2: Ball
3-2: Foul Ball, location: 2F
3-2: Base on Balls
Batting: RHB Brady McIntyre 0-0: SINGLE (Groundball, 56D)
Félix Montoya to third
José Martínez to second
Runner from 3rd tries for Home, SAFE, no throw
Batting: LHB Milo Glenn 0-0: Called Strike
0-1: Ball
1-1: Called Strike
1-2: Fly out, F8 (Flyball, 8RS)
Batting: RHB Jesús Castillo 0-0: Ball
1-0: Ball
2-0: Called Strike
2-1: Ball
3-1: Base on Balls
José Martínez to third
Brady McIntyre to second
Batting: RHB Randall Walker 0-0: Called Strike
0-1: Swinging Strike
0-2: Foul Ball, location: 2F
0-2: Ball
1-2: Ball
2-2: Foul Ball, location: 2F
2-2: Fielders Choice at 2nd, 5-4 (Groundball, 56)
José Martínez scores
Brady McIntyre to third
Batting: RHB Luis Méndez 0-0: Called Strike
0-1: Ball
1-1: Swinging Strike
1-2: Ball
2-2: Foul Ball, location: 2F
2-2: Ball
Passed Ball!
Brady McIntyre scores
Randall Walker to second
3-2: SINGLE (Line Drive, 4D)
Randall Walker to third
Randall Walker scores
Batting: LHB Miguel García 0-0: Called Strike
0-1: Swinging Strike
0-2: Ball
1-2: Strikes out looking
Top of the 8th over - 4 runs, 3 hits, 0 errors, 1 left on base; BlackIron 14 - West Virginia 1
BOTTOM OF THE 8TH
West Virginia Power batting - Pitching for BlackIron Dragons : RHP Juan Carlos Guerrero
Batting: RHB Daniel Martínez 0-0: Ground out 6-3 (Groundball, 6)
Batting: RHB Vaughan Shelton 0-0: Ball
1-0: Called Strike
1-1: Ball
2-1: Called Strike
2-2: Foul Ball, location: 2F
2-2: Fly out, F8 (Flyball, 8LS)
Batting: RHB Matt Tucker 0-0: Ball
1-0: Called Strike
1-1: Ground out 5-3 (Groundball, 56S)
Bottom of the 8th over - 0 runs, 0 hits, 0 errors, 0 left on base; BlackIron 14 - West Virginia 1
TOP OF THE 9TH
BlackIron Dragons batting - Pitching for West Virginia Power : RHP Roberto Marino
Batting: RHB Joaquín Valenzuela 0-0: Called Strike
0-1: Ground out 4-3 (Groundball, 34)
Batting: SHB Félix Montoya 0-0: SINGLE (Line Drive, 6M)
Batting: LHB José Martínez 0-0: Called Strike
0-1: Swinging Strike
0-2: Ball
1-2: Ball
2-2: Foul Ball, location: 2F
2-2: Strikes out swinging
Batting: RHB Brady McIntyre 0-0: Ball
1-0: Swinging Strike
1-1: Ball
2-1: Ground out 5-3 (Groundball, 56S)
Top of the 9th over - 0 runs, 1 hit, 0 errors, 1 left on base; BlackIron 14 - West Virginia 1
BOTTOM OF THE 9TH
West Virginia Power batting - Pitching for BlackIron Dragons : RHP Juan Carlos Guerrero
Now at 1B: Roderick Silva
Batting: RHB Julián Garza 0-0: Ball
1-0: Ball
2-0: Ground out 2-3 (Groundball, 15S)
Batting: RHB Luis Quezada 0-0: Called Strike
0-1: Ball
1-1: Foul Ball, location: 2F
1-2: Foul Ball, location: 2F
1-2: Fly out, F9 (Flyball, 9)
Batting: RHB Joe Salas 0-0: Ball
1-0: Ball
2-0: Foul Ball, location: 2F
2-1: Foul Ball, location: 2F
2-2: Fly out, F9 (Line Drive, 9)
Bottom of the 9th over - 0 runs, 0 hits, 0 errors, 0 left on base; BlackIron 14 - West Virginia 1
Saturday, December 16th, 2017 - OOTP Baseball 18.8 Build 76